[Event "*** Titled Tuesday Blitz"]
[Site "Chess.com"]
[Date "2020.04.21"]
[Round "7"]
[White "Nathan_Filgueiras"]
[Black "AlanZhang"]
[Result "1-0"]
[WhiteElo "2315"]
[BlackElo "2160"]
[TimeControl "180+1"]
[EndTime "11:23:13 PDT"]
[Termination "Nathan_Filgueiras won on time"]

1. e4 e5 2. Nf3 Nc6 3. Bc4 Bc5 4. O-O Nf6 5. d3 d6 6. c3 Bb6 7. Nbd2 h6 8. Bb3 O-O 9. Nc4 Re8 10. a4 Be6 11.
Re1 Nd7 12. h3 Nc5 13. Bc2 Bxc4 14. dxc4 a5 15. Be3 Nd7 16. Qd2 Bxe3 17. Qxe3 Qf6 18. Rad1 Nc5 19. Ra1 Ne6 20. Kh2 Nc5 21. Red1 g5 22.
Ng1 Kg7 23. Ne2 h5 24. Ng3 Kg6 25. Rd2 Qf4 26. Re1 h4 27. Qxf4 exf4 28. Nf5 Kf6 29. b3 Ne5 30. f3 Nc6 31. Nd4 Ne7 32. Nb5 Rac8 33. Nd4 Ne6 34. Rde2 Nxd4 35. cxd4 Nc6 36. Rd2 Nb4 37. Bb1 c5 38. e5+ dxe5 39. dxe5+ Rxe5 40. Rd6+ Re6 41. Rexe6+ fxe6 42. Rd7 Nc6 43. Rxb7 Nd4 44. Be4 Ke5 45. Rg7 Kf6 46. Rg6+ Kf7 47. Rxg5 Nxb3 48. Rg4 e5 49. Rxh4 Nd2 50. Bd5+ Kf6 51. Rh6+ Kg7 52. Ra6 Rb8 53. Ra7+ Kf6 54. h4 Rb1 55. Kh3 1-0

[Event "*** Titled Tuesday Blitz"]
[Site "Chess.com"]
[Date "2020.04.21"]
[Round "7"]
[White "harkerchess"]
[Black "IAgrest"]
[Result "0-1"]
[WhiteElo "1952"]
[BlackElo "2246"]
[TimeControl "180+1"]
[EndTime "11:23:13 PDT"]
[Termination "IAgrest won by checkmate"]

1. d4 Nf6 2. Bg5 c5 3. d5 Qb6 4.
Bc1 g6 5. f3 Bg7 6. c3 O-O 7.
e4 d6 8. Nd2 Nbd7 9. a4 Qc7 10.
Bd3 b6 11. Ne2 a6 12. O-O Ne5 13. Bc2 Bd7 14. h3 Be8 15. f4 Ned7 16. Nf3 Rb8 17. Be3 b5 18. axb5 axb5 19. Ra6 Nb6 20. Bd3 Nc4 21.
Bxc4 bxc4 22. e5 Nd7 23. e6 Nf6 24. Qd2 Qb7 25. Ra2 Qxd5 26. exf7+ Bxf7 27. Qc2 Qd3 28. Rc1 Qxe3+ 29. Kh2 Qd3 30. Ra7 Rfe8 31. Ng3 Bh6 32. Qa4 Bxf4 33. Re1 Bxg3+ 34. Kxg3 Ne4+ 35. Kh2 Qd5 36. Qc2 Nf6 37. Rexe7 Rxe7 38. Rxe7 Re8 39. Ra7 Qe4 40.
Qxe4 Nxe4 41. Rd7 Be6 42. Rb7 Bd5 43. Ra7 Rb8 44. Ra2 Kg7 45. Ne1 Kf6 46. Nc2 Ng5 47.
Ne3 Be6 48. Kg3 Ne4+ 49. Kf3 d5 50. Nd1 Nd2+ 51. Ke3 Nb3 52. Nf2 d4+ 53. cxd4 cxd4+ 54. Ke2 Bf5 55. Ra6+ Kg7 56. g4 d3+ 57. Kd1 Bc8 58.
Ra7+ Rb7 59. Ra4 Be6 60. Ra6 Bf7 61. Ne4 Re7 62. Nc3 Re3 63. Ra7 Rxh3 64. Nd5 Rh1# 0-1

[Event "*** Titled Tuesday Blitz"]
[Site "Chess.com"]
[Date "2020.04.21"]
[Round "7"]
[White "gvanna"]
[Black "ElHelvetico"]
[Result "0-1"]
[WhiteElo "2470"]
[BlackElo "2653"]
[TimeControl "180+1"]
[EndTime "11:23:16 PDT"]
[Termination "ElHelvetico won by resignation"]

1. e4 c5 2. Nf3 d6 3. d4 cxd4 4. Nxd4 Nf6 5. Nc3 a6 6. Be3 e5 7. Nb3 Be7 8. f3 Be6 9. Qd2 h5 10. O-O-O Nbd7 11. h3 b5 12. Kb1 Rc8 13. Be2 h4 14. Nd5 Bxd5 15. exd5 Nh5 16. f4 Nxf4 17. Bxf4 exf4 18. Qxf4 O-O 19. g3 Ne5 20. gxh4 Bxh4 21. Rhg1 Qf6 22. Rdf1 Qxf4 23. Rxf4 Be7 24. Nd4 Rfe8 25.
Nf5 Bf8 26. Bd1 g6 27. c3 Kh7 28.
Nd4 Bg7 29. Bc2 b4 30. cxb4 Rc4 31. a3 f5 32. Ne6 Rxf4 33. Nxf4 Bh6 34. Nxg6 Nf3 35.
Rg3 Nd4 36. Bd3 Re1+ 37. Ka2 Rd1 38. Bxa6 f4 39. Rg4 f3 40. Nf4 f2 41. Ne6 Nc2 42.
Kb3 Ne3 43. Re4 Rxd5 44. Be2 Rd2 45. Bb5 d5 46. Re5 Nc4 47. Rf5 Rxb2+ 48. Ka4 Ne3 49. Rf3 Kg6 50. Bd3+ Kh5 51. Nf4+ Bxf4 52. Rxf4 Rd2 53.
Bb5 Kg5 54. Rf8 d4 55. Ka5 d3 56. Bxd3 Rxd3 57. Rxf2 Rxa3+ 58. Kb6 Nd5+ 59. Kc5 Nf6 60.
b5 Ne4+ 61. Kc6 Nxf2 62. b6 Rc3+ 63. Kd7 Ne4 64. b7 Nc5+ 65. Kc7 Nxb7+ 66. Kxb7 Rxh3 67. Kc6 Rd3 68. Kc5 Kf4 69. Kc4 Ke4 70. Kc5 Ke5 71.
Kc6 Rd1 72. Kc7 Ke6 73. Kb6 Rc1 0-1

[Event "*** Titled Tuesday Blitz"]
[Site "Chess.com"]
[Date "2020.04.21"]
[Round "7"]
[White "Unknown_IM"]
[Black "Crazy_girl99"]
[Result "1-0"]
[WhiteElo "2583"]
[BlackElo "2411"]
[TimeControl "180+1"]
[EndTime "11:23:16 PDT"]
[Termination "Unknown_IM won by resignation"]

1. e4 e5 2. Nf3 Nc6 3. d4 exd4 4. Nxd4 Nf6 5. Nc3 Bb4 6. Nxc6 bxc6 7. Qd4 Qe7 8. f3 O-O 9. Bg5 c5 10. Qd3 h6 11.
Bh4 d5 12. O-O-O Bxc3 13. Qxc3 dxe4 14. fxe4 Qxe4 15. Bxf6 Qf4+ 16. Kb1 Qxf6 17. Qxc5 Rb8 18. Qd4 Qc6 19. Bd3 Be6 20. Qe4 Qxe4 21. Bxe4 Rb4 22.
Bf3 Rfb8 23. b3 a5 24. Rhe1 a4 25. Kb2 axb3 26. axb3 c5 27. Bd5 Bg4 28. Rd3 c4 29. Rd4 cxb3 30. Rxb4 Rxb4 31. cxb3 Rf4 32. Kc3 Rf2 33.
b4 Bf5 34. Kd4 Rd2+ 35. Kc5 Rc2+ 36. Kb6 Rd2 37. Bc6 Rb2 38. b5 Bd3 39. Re5 f6 40. Rd5 Bf1 41. Rd8+ Kf7 42. Kc7 Bxb5 43. Rb8 Bxc6 44.
Rxb2 Be4 45. Kd6 g5 46. g3 Kg6 47. h3 h5 48. Kc5 h4 49. gxh4 gxh4 50. Kd4 Bf5 51.
Rh2 Kg5 52. Ke3 Be6 53. Kf3 f5 54. Re2 Bd5+ 55. Kf2 Kf4 56. Re8 Be4 57. Rf8 Kg5 58.
Rg8+ Kf4 59. Rh8 Bd5 60. Rxh4+ Kg5 61. Rb4 Be4 62. Kg3 f4+ 63. Kf2 Bf5 64. Kf3 Bxh3 65. Rxf4 Be6 66. Kg3 Bd5 67. Rb4 Be6 68. Rb6 Bf5 69.
Rb5 Kf6 70. Kf4 Be6 71. Rb6 Ke7 72. Ke5 Bf7 73. Rb7+ Kf8 74. Kf6 Be8 75. Rb8 1-0

[Event "*** Titled Tuesday Blitz"]
[Site "Chess.com"]
[Date "2020.04.21"]
[Round "7"]
[White "731291"]
[Black "FCChelsea14"]
[Result "1-0"]
[WhiteElo "2600"]
[BlackElo "2745"]
[TimeControl "180+1"]
[EndTime "11:23:19 PDT"]
[Termination "731291 won on time"]

1. d4 Nf6 2. Nf3 d5 3. c4 e6 4. g3 Bb4+ 5. Bd2 Be7 6. Bg2 O-O 7. O-O c6 8. Bg5 Nbd7 9. Nbd2 b6 10. Qc2 Ba6 11. Rac1 Rc8 12. Rfd1 h6 13. Bxf6 Nxf6 14. Ne5 Bb7 15. e4 Bd6 16. Nd3 Bb8 17. e5 Nd7 18. c5 Ba6 19. b4 Bxd3 20. Qxd3 a5 21. a3 axb4 22. axb4 bxc5 23. bxc5 Bc7 24. Ra1 Ra8 25. Ra6 Rxa6 26. Qxa6 Qa8 27. Ra1 Qxa6 28. Rxa6 Nb8 29. Ra7 Rc8 30. Bf1 Kf8 31. Nb1 Ke8 32.
Nc3 Bd8 33. Rb7 Nd7 34. Ra7 Rc7 35. Ra8 Ke7 36. Ba6 f6 37. f4 g5 38. Kf2 gxf4 39. gxf4 fxe5 40. fxe5 Nf8 41. Na4 Ng6 42. Nb6 Nh4 43.
Nc8+ Kd7 44. Nd6 Nf5 45. Nxf5 exf5 46. Bd3 Rb7 47. Bxf5+ Ke7 48. Ra6 Rb4 49. Ke3 Rb3+ 50. Kd2 Ke8 51. Rxc6 Bg5+ 52. Kc2 Rf3 53. Bg6+ Ke7 54.
Rd6 Rf2+ 55. Kb3 Rf3+ 56. Kb4 Bd2+ 57. Kb5 Rc3 58. Rxd5 Be3 59. c6 Rc1 60. Bf5 1-0

[Event "*** Titled Tuesday Blitz"]
[Site "Chess.com"]
[Date "2020.04.21"]
[Round "7"]
[White "Caracternin123"]
[Black "Gubajdullin"]
[Result "1/2-1/2"]
[WhiteElo "2636"]
[BlackElo "2455"]
[TimeControl "180+1"]
[EndTime "11:23:20 PDT"]
[Termination "Game drawn by stalemate"]

1. d4 Nf6 2. Nf3 g6 3. Bg5 Bg7 4. Nbd2 d5 5. e3 O-O 6. Be2 Nbd7 7. O-O c6 8. c4 Qb6 9. Qb3 dxc4 10. Bxc4 Qxb3 11.
Bxb3 Nb6 12. e4 a5 13. a4 h6 14. Bh4 g5 15. Bg3 Be6 16. Bxe6 fxe6 17. b3 Nfd7 18.
Rac1 g4 19. Ne5 Nxe5 20. dxe5 Rfd8 21. Rfd1 Rd3 22. Nc4 Rxb3 23. Nxb6 Rxb6 24. Rd7 Bf8 25. Bh4 Kf7 26. f3 Ke8 27. Rd4 Rb4 28. Bf2 Rxd4 29.
Bxd4 gxf3 30. gxf3 Kd7 31. Rb1 Kc8 32. Bb6 Ra6 33.
Kf2 h5 34. f4 Bh6 35. Ke3 Kd7 36. Rd1+ Ke8 37. Rb1 Kf7 38. h4 Ra8 39. Bc5 b5 40. axb5 cxb5 41. Rxb5 a4 42. Rb7 a3 43. Rxe7+ Kg8 44. Ra7 Rxa7 45. Bxa7 a2 46. Bd4 Bf8 47. Kd3 Be7 48. f5 Bxh4 49. Kc2 Bg3 50. Kb2 h4 51. Kxa2 h3 52. Bg1 Bxe5 53. Kb3 exf5 54. exf5 Kf7 55. Kc4 Kf6 56. Kd3 Kxf5 57. Ke2 Kg4 58. Kf2 Bd4+ 59. Kf1 Be5 60. Kf2 Bd4+ 61. Kf1 Kf3 62. Bh2 Be3 63. Bd6 Bf2 64. Bh2 Bg3 65. Bxg3 Kxg3 66. Kg1 h2+ 67.
Kh1 Kh3 1/2-1/2

[Event "*** Titled Tuesday Blitz"]
[Site "Chess.com"]
[Date "2020.04.21"]
[Round "7"]
[White "djano"]
[Black "vanea_03"]
[Result "0-1"]
[WhiteElo "2474"]
[BlackElo "2660"]
[TimeControl "180+1"]
[EndTime "11:23:21 PDT"]
[Termination "vanea_03 won on time"]

1. Nf3 d5 2. g3 Bg4 3. Bg2 Nd7 4.
c4 e6 5. Qb3 Nc5 6. Qc2 Nf6 7.
O-O Be7 8. b3 O-O 9. Bb2 Ncd7 10. d3 a5 11. Nbd2 c6 12. a3 Bd6 13. Bc3 e5 14. cxd5 cxd5 15. b4 a4 16. Rac1 Qe7 17. e4 d4 18. Bb2 b5 19. h3 Bxf3 20. Nxf3 Rab8 21. Nh4 g6 22. Qd2 Rbc8 23. Rxc8 Rxc8 24. Rc1 Qd8 25. Kh2 Nh5 26. Bf3 Ng7 27. Be2 Be7 28.
Ng2 Ne6 29. f4 exf4 30. gxf4 Bd6 31. e5 Bb8 32. Bg4 Rxc1 33. Qxc1 Nb6 34. Qc6 Nxf4 35. Nxf4 Bxe5 36. Qe4 Qf6 37. Bc1 g5 38. Kg2 Bxf4 39. Bb2 Be5 40. Bf3 Kg7 41. Qc6 Qf4 42. Bc1 Qh2+ 43. Kf1 Qxh3+ 44. Bg2 Qf5+ 45. Ke2 Qe6 46.
Qxe6 fxe6 47. Bxg5 Nd5 48. Bd2 Kg6 49. Kf3 h5 50. Ke4 Kf6 51. Kf3 Bd6 52. Bh3 Be5 53. Ke2 Bf4 54. Be1 Be3 55. Kf3 Nf4 0-1

[Event "*** Titled Tuesday Blitz"]
[Site "Chess.com"]
[Date "2020.04.21"]
[Round "7"]
[White "Disturbed01"]
[Black "Poghosyan_Suren"]
[Result "0-1"]
[WhiteElo "2648"]
[BlackElo "2506"]
[TimeControl "180+1"]
[EndTime "11:23:23 PDT"]
[Termination "Poghosyan_Suren won by resignation"]

1. d4 Nf6 2. c4 c5 3. d5 b5 4.
cxb5 a6 5. e3 g6 6. Nc3 Bg7 7.
Nf3 O-O 8. a4 e6 9. dxe6 fxe6 10.
Be2 d5 11. O-O Nbd7 12. Qb3 c4 13. Qc2 Nc5 14. Rd1 Qc7 15. Ra3 Bb7 16. bxa6 Rxa6 17. Nb5 Qb8 18. b4 Nce4 19. h3 g5 20. Bb2 g4 21. Be5 Qe8 22. hxg4 Nxg4 23. Bxg7 Kxg7 24. Qb2+ Kg8 25. Ne5 Ngxf2 26. Bf3 Rxf3 27. Nxf3 Qh5 28. Qxf2 Nxf2 29. Kxf2 Bc6 30. Nbd4 Rxa4 31. Rxa4 Bxa4 32.
Ra1 Bd7 33. Ra8+ Kf7 34. Ra7 Ke8 35. b5 e5 36. Nc6 Bxc6 37. bxc6 Kd8 38. Rd7+ Kc8 39.
Re7 c3 40. Rxe5 Qxf3+ 41. gxf3 c2 42. Rxd5 c1=Q 43. e4 Qh6 44. Kg3 Qg6+ 45. Kh4 Qf6+ 46. Kg4 Kc7 47. Rf5 Qg6+ 48. Rg5 Qe6+ 49. Rf5 Kxc6 50.
Kg5 Kd7 51. e5 Qg6+ 52. Kf4 Ke7 53. Rf6 Qg2 54. Ke4 Qe2+ 55. Kf4 Qd2+ 56. Ke4 Qg5 57. f4 Qg2+ 58. Kf5 Qc2+ 59. Kg5 Qg2+ 60. Kf5 h5 61. Rh6 Qg4+ 62. Ke4 h4 63. Rh7+ Kf8 64. Rh6 Kg7 65. Rb6 h3 66. e6 Kf6 0-1

[Event "*** Titled Tuesday Blitz"]
[Site "Chess.com"]
[Date "2020.04.21"]
[Round "7"]
[White "EvgenyRomanov"]
[Black "ChristianAlm"]
[Result "1/2-1/2"]
[WhiteElo "2620"]
[BlackElo "2472"]
[TimeControl "180+1"]
[EndTime "11:23:24 PDT"]
[Termination "Game drawn by repetition"]

1. c4 c6 2. e4 e6 3. d4 d5 4. e5 dxc4 5. Bxc4 c5 6. d5 exd5 7.
Bxd5 Nc6 8. Bxc6+ bxc6 9. Qxd8+ Kxd8 10. Nc3 Ne7 11. Bf4 Be6 12. O-O-O+ Kc7 13. Nge2 Nd5 14. Bg3 h5 15. h4 g6 16. Kb1 Rb8 17. Ka1 Nb4 18. Rd2 Be7 19. a3 Nd5 20. Ne4 Rb3 21. Rc1 Rb5 22. Nd6 Bxd6 23. exd6+ Kd7 24. Rdc2 Rhb8 25. Rd2 Ra5 26. Ng1 Rb3 27. Nf3 f6 28. Ne1 Nb6 29. Rdc2 c4 30. Nf3 Rd3 31. Rd2 Rb3 32.
Nd4 Rd3 33. Rcd1 Rxd2 34. Rxd2 Bd5 35. Ne2 Na4 36. f3 c3 37. bxc3 Nc5 38. Kb2 Nb3 39. Rd1 Rb5 40. a4 Rb7 41. Ka3 Nc5 42. Nd4 Ne6 43. a5 Nxd4 44. Rxd4 Rb3+ 45. Ka4 Rxc3 46. Rb4 Rc4 47. Rxc4 Bxc4 48. Kb4 Bb5 49. Bf4 Ke6 50. g3 Kd7 51. Kc5 Be2 52. Bh6 Bxf3 53. Bg7 f5 54.
Be5 Bd5 55. Bf4 Be4 56. Be5 Bd5 57. Bf4 a6 58. Bg5 Be4 59. Bf4 Bd3 60. Bg5 Bb5 61.
Bf4 Ke6 62. Bg5 Kd7 63. Bf4 Bd3 64. Bg5 Be2 65. Bf4 Bb5 66. Bg5 Ke6 67. Bf4 Kd7 68.
Bg5 Ke6 69. Bf4 Kd7 1/2-1/2

[Event "*** Titled Tuesday Blitz"]
[Site "Chess.com"]
[Date "2020.04.21"]
[Round "7"]
[White "robertofabregas"]
[Black "EfM13"]
[Result "1-0"]
[WhiteElo "2129"]
[BlackElo "2236"]
[TimeControl "180+1"]
[EndTime "11:23:24 PDT"]
[Termination "robertofabregas won on time"]

1. d4 d6 2. Bf4 g6 3. Nf3 Bg7 4. c3 Nd7 5. Nbd2 e5 6. Bg3 f5 7. e3 Ngf6 8. dxe5 dxe5 9. Nxe5 Nxe5 10. Bxe5 O-O 11. Bc4+ Kh8 12. Nf3 Qe7 13. O-O a6 14.
a4 b6 15. Bd5 Ra7 16. Qb3 Qc5 17. Bxf6 Bxf6 18. Nd4 Bd7 19. Rfd1 c6 20. Be6 Re8 21. Bxd7 Rxd7 22. Rac1 Rd6 23. g3 Qe5 24.
Qxb6 c5 25. Qa5 cxd4 26. Qxe5 Bxe5 27. cxd4 Bg7 28. Rc7 Rb8 29. Rdc1 Bf6 30. Rc8+ Rd8 31. Rxd8+ Bxd8 32. Rc6 a5 33. Ra6 Kg8 34. Re6 Kf7 35.
Rd6 Ke7 36. Ra6 Rxb2 37. Ra7+ Kf6 38. Rxh7 Be7 39. h4 Ra2 40. h5 gxh5 41. Rxh5 Rxa4 42. Rh6+ Kg5 43. Ra6 Ra2 44. Kg2 Bf6 45. Kf3 a4 46.
Ra5 a3 47. g4 Ra1 48. Rxf5+ Kg6 49. e4 Bxd4 50. Rd5 Bg7 51. Rd6+ Kf7 52. Rd7+ Kf8 53. Rd8+ Ke7 54. Ra8 a2 55. Kf4 Bd4 56. f3 Kf7 57. g5 Kg7 58. Kf5 1-0

[Event "*** Titled Tuesday Blitz"]
[Site "Chess.com"]
[Date "2020.04.21"]
[Round "7"]
[White "Munkhzul_Turmunkh"]
[Black "LikeWater"]
[Result "1/2-1/2"]
[WhiteElo "2500"]
[BlackElo "2668"]
[TimeControl "180+1"]
[EndTime "11:23:25 PDT"]
[Termination "Game drawn - insufficient material"]

1. e4 c5 2. Nf3 e6 3. d4 cxd4 4. Nxd4 Nc6 5. Nc3 Qc7 6. Be3 Nf6 7. Qd2 Nxd4 8. Bxd4 e5 9. Be3 Bb4 10. f3 h6 11. a3 Bxc3 12. Qxc3 Qxc3+ 13. bxc3 d6 14. Rd1 Ke7 15. Bc4 Be6 16. Bxe6 fxe6 17. Ke2 Rhc8 18. Rd3 Rc6 19. Rb1 b6 20. a4 Nd7 21.
Rb4 Rac8 22. Kd2 R8c7 23. Rb5 Nc5 24. Bxc5 Rxc5 25. Rb4 Rc4 26. Re3 R7c6 27. Rd3 a5 28. Rxc4 Rxc4 29. Kc1 Rxa4 30. Kb2 Rc4 31. Kb3 b5 32.
Rd1 a4+ 33. Kb2 Kd7 34. Rd2 Kc6 35. Rd1 d5 36. exd5+ exd5 37. Re1 Kd6 38. Re2 g5 39. Re3 h5 40. h3 h4 41. Re2 Ke6 42. Re3 Kf5 43.
Rd3 d4 44. cxd4 exd4 45. Rd2 b4 46. Re2 Kf4 47. Re4+ Kf5 48. Rg4 a3+ 49. Kb1 Rc3 50. Rxd4 b3 51. cxb3 Rxb3+ 52. Ka1 Rb2 53. Rg4 Rf2 54.
Kb1 Re2 55. Ka1 Rf2 56. Kb1 Kf6 57. Ka1 Kg6 58. Kb1 Kf5 59. Ka1 a2 60. g3 hxg3 61.
Rxg3 Kf6 62. Rg4 Rxf3 63. h4 gxh4 64. Rxh4 Rf2 65. Ra4 Ke5 66. Rxa2 Rxa2+ 67. Kxa2 1/2-1/2

[Event "*** Titled Tuesday Blitz"]
[Site "Chess.com"]
[Date "2020.04.21"]
[Round "7"]
[White "kingofkolkata"]
[Black "YPradafah"]
[Result "0-1"]
[WhiteElo "2254"]
[BlackElo "2483"]
[TimeControl "180+1"]
[EndTime "11:23:26 PDT"]
[Termination "YPradafah won on time"]

1. d4 Nf6 2. c4 e6 3. g3 d5 4. Nf3 c6 5. Bg2 Be7 6. O-O O-O 7. Nbd2 b6 8. Qc2 Bb7 9. e4 dxe4 10. Nxe4 Nbd7 11. Rd1 Nxe4 12. Qxe4 Nf6 13. Qc2 Qc7 14.
Bf4 Bd6 15. Bxd6 Qxd6 16. c5 Qc7 17. Ne5 Nd5 18. Nc4 Rad8 19. Nd6 Bc8 20. a3 Bd7 21. b4 b5 22. Rac1 Ra8 23. Be4 h6 24. Qe2 a5 25.
Bxd5 exd5 26. Qe7 axb4 27. axb4 Ra4 28. Nxb5 Qd8 29. Qxd8 Rxd8 30. Nd6 Rxb4 31. Ra1 Bh3 32. Ra7 Rdb8 33. Raa1 Rb2 34. Re1 Rd2 35. Rad1 Rbb2 36. Rxd2 Rxd2 37. Re8+ Kh7 38. f4 Rg2+ 39. Kf1 Rxh2+ 40.
Ke1 Kg6 41. Re7 f6 42. Rc7 Rg2 43. Rxc6 Rxg3 44. Rc7 Rc3 45. Kd2 Rf3 46. Ne8 Rxf4 47. Rxg7+ Kh5 48. Ke3 Re4+ 49. Kd3 Rxe8 50. c6 Re6 51. c7 Rc6 52. Rf7 Kg6 53. Re7 Bf5+ 54. Ke3 h5 55. Kf4 Rc4 56. Kg3 Rxd4 57. Re8 Rc4 58. Re7 Kg5 59. Rg7+ Bg6 60. Re7 h4+ 61.
Kf2 Rc3 0-1

[Event "*** Titled Tuesday Blitz"]
[Site "Chess.com"]
[Date "2020.04.21"]
[Round "7"]
[White "ChesterF"]
[Black "TERMINATOR_PC"]
[Result "0-1"]
[WhiteElo "2524"]
[BlackElo "2409"]
[TimeControl "180+1"]
[EndTime "11:23:27 PDT"]
[Termination "TERMINATOR_PC won by resignation"]

1. e4 Nf6 2. e5 Nd5 3. d4 d6 4.
Nf3 dxe5 5. Nxe5 c6 6. Be2 Bf5 7. O-O Nd7 8. Nf3 e6 9. c4 N5f6 10. Nc3 Bd6 11. h3 Qc7 12. Be3 h6 13. Re1 O-O 14. Qd2 Rfe8 15. c5 Bf8 16. Bf4 Qd8 17. Bc4 Nd5 18. Bh2 g5 19. Nxd5 exd5 20. Bd3 Qf6 21. Bxf5 Qxf5 22. b4 Bg7 23. a4 a6 24.
Rab1 Re4 25. b5 axb5 26. axb5 Rae8 27. Rf1 Bf6 28. bxc6 bxc6 29. Rb7 Nf8 30. Rb6 R4e6 31. Qb4 Ng6 32. Qa4 h5 33. Rxc6 g4 34. hxg4 hxg4 35. Ne5 Bxe5 36. dxe5 Nxe5 37. Rxe6 Rxe6 38. Qa8+ Kg7 39. c6 Nxc6 40. Qc8 Nd4 41. Rd1 Re1+ 42. Rxe1 Qxc8 43. Be5+ Kg6 44. Bxd4 Qc4 45. Rd1 Qc2 46. Re1 Qd3 47. Be3 d4 48. Bf4 Qc2 49. Rc1 Qe4 50. g3 d3 51. Rd1 Kf5 52. Rd2 Ke6 53. Rb2 Qd4 54. Rd2 Kd5 55. Kh2 Ke4 56. Kg2 Qd5 57.
Ra2 Qxa2 0-1

[Event "*** Titled Tuesday Blitz"]
[Site "Chess.com"]
[Date "2020.04.21"]
[Round "7"]
[White "Zurability"]
[Black "Salem-AR"]
[Result "0-1"]
[WhiteElo "2736"]
[BlackElo "2996"]
[TimeControl "180+1"]
[EndTime "11:23:28 PDT"]
[Termination "Salem-AR won on time"]

1. Nf3 c5 2. c4 Nf6 3. Nc3 d5 4. cxd5 Nxd5 5. e4 Nb4 6. Bc4 Nd3+ 7. Ke2 Nf4+ 8. Kf1 Ne6 9. b4 cxb4 10. Nd5 Nc7 11.
Nxb4 e6 12. Nc2 b5 13. Bb3 a5 14. Ncd4 Bb7 15. Bc2 Be7 16. Bb2 O-O 17. h4 Nd7 18. Rh3 Nf6 19. Qe2 b4 20. Kg1 a4 21.
Re1 b3 22. axb3 a3 23. Ba1 h6 24. h5 Re8 25. e5 Nd7 26. Rg3 Na6 27. Nxe6 fxe6 28. Nd4 Bh4 29. Nxe6 Rxe6 30. Qg4 Qe7 31. Bf5 Nf8 32. Rh3 Bxf2+ 33. Kxf2 Nc5 34. b4 Ncd7 35. Rg3 a2 36. Kg1 Bd5 37. Bd3 Rc8 38. Rf1 Rb8 39. b5 Rc8 40. Qd4 Nb6 41. Qf2 Qc5 42. Bd4 Qe7 43.
Bxb6 Rxe5 44. Bd4 Rg5 45. Rxg5 Qxg5 46. Ba1 Ne6 47. Be2 Nf4 48. Kh2 Nxe2 49. Qxe2 Qh4+ 50. Kg1 Qg5 51. Kh2 Kh7 52. Kg1 Re8 53. Qd3+ Be4 54. Qe2 Bd5 55. Qf2 Qg4 56. Kh2 Re2 57. Qf5+ Qxf5 58.
Rxf5 Rxg2+ 59. Kh3 Rg1 60. Bd4 Rh1+ 61. Kg3 Ba8 62.
Rf7 a1=Q 63. Rxg7+ Kh8 64. Rd7+ Qxd4 65. Rxd4 Kg7 66.
Rd7+ Kf6 0-1

[Event "*** Titled Tuesday Blitz"]
[Site "Chess.com"]
[Date "2020.04.21"]
[Round "7"]
[White "jacky72"]
[Black "GHANDEEVAM2003"]
[Result "1-0"]
[WhiteElo "2724"]
[BlackElo "2874"]
[TimeControl "180+1"]
[EndTime "11:23:31 PDT"]
[Termination "jacky72 won by resignation"]

1. d4 Nf6 2. c4 e6 3. Nf3 d5 4. Nc3 c6 5. Bg5 h6 6. Bxf6 Qxf6 7. e3 Nd7 8. Rc1 Bd6 9. Bd3 O-O 10. O-O dxc4 11. Bxc4 Qe7 12. e4 e5 13. d5 Nb6 14.
Bb3 Bg4 15. h3 Bh5 16. Qd3 Rad8 17. Nd2 Bc5 18. Nc4 Kh8 19. Nxb6 axb6 20. Kh1 Rd6 21.
Qg3 Rg6 22. Qh2 Qf6 23. Bd1 Bxd1 24. Rcxd1 Bd6 25. Rd3 Qh4 26. Rg3 Rxg3 27. Qxg3 Qxg3 28. fxg3 Kg8 29. a3 Bc5 30. g4 Bd4 31. Rc1 Rc8 32. Rc2 cxd5 33. exd5 Kf8 34. Kh2 Ke7 35. Kg3 Bxc3 36. bxc3 Kd6 37. g5 hxg5 38. Kg4 f6 39.
Rb2 Kxd5 40. Rxb6 Rxc3 41. Rxb7 g6 42. Rb6 Rc4+ 43. Kg3 Rf4 44. a4 e4 45. a5 e3 46.
Rb3 Re4 47. Rb1 f5 48. a6 Ra4 49. Rb6 Ke4 50. Rxg6 f4+ 51. Kg4 f3 52. gxf3+ Kd3+ 53. Kxg5 e2 54. Re6 Rxa6 55. Rxa6 e1=Q 56. Rf6 Qg3+ 57.
Kh6 Qxh3+ 58. Kg7 Kd4 59. f4 Kd5 60. Kg6 Qg4+ 61. Kh6 Ke4 62. Kh7 Qh4+ 63. Kg7 Qe1 64. Re6+ 1-0

[Event "*** Titled Tuesday Blitz"]
[Site "Chess.com"]
[Date "2020.04.21"]
[Round "7"]
[White "DrMelekess"]
[Black "JoakimVonAnd"]
[Result "0-1"]
[WhiteElo "2690"]
[BlackElo "2528"]
[TimeControl "180+1"]
[EndTime "11:23:31 PDT"]
[Termination "JoakimVonAnd won on time"]

1. d4 d5 2. Nf3 Nf6 3. c4 c6 4. e3 Bf5 5. Nc3 a6 6. b3 e6 7. a3 Nbd7 8. Bd3 Bxd3 9. Qxd3 b5 10.
O-O Be7 11. Rd1 O-O 12. e4 dxe4 13. Nxe4 bxc4 14. bxc4 c5 15. d5 Nxe4 16. Qxe4 Nf6 17. Qc2 exd5 18. cxd5 Qd6 19. Bb2 Nxd5 20. Ne5 Rad8 21.
Qf5 Qf6 22. Qg4 Qf4 23. Qh3 Bf6 24. Nd3 Qg5 25. Bxf6 Nxf6 26. Rac1 Rd5 27. f4 Qg6 28. Ne5 Rxd1+ 29. Rxd1 Qc2 30. Qd3 Qxd3 31. Rxd3 Rc8 32. Nc4 g6 33. Rd6 Nh5 34. g3 Rb8 35. Rc6 Rb1+ 36.
Kg2 Rc1 37. Rc8+ Kg7 38. Rxc5 Nf6 39. Rc6 Nd5 40. Ne5 Ra1 41. Rxa6 Ne3+ 42. Kf3 Nc2 43. Ra7 Rxa3+ 44. Rxa3 Nxa3 45. Ke4 Nb5 46. Nd3 Nc7 47. Ke5 Ne6 48. g4 h5 49. f5 Ng5 50. Kf4 Nh3+ 51. Kg3 Ng5 52. h4 Ne4+ 53. Kf4 Nf6 54. g5 Nd5+ 55.
Ke5 Ne3 56. f6+ Kg8 57. Nf2 Ng2 58. Ne4 Nxh4 59. Kd6 Nf3 60. Ke7 h4 61. Nd6 Nxg5 0-1

[Event "*** Titled Tuesday Blitz"]
[Site "Chess.com"]
[Date "2020.04.21"]
[Round "7"]
[White "Ind1anStar"]
[Black "AnastasiaProtopopova"]
[Result "1-0"]
[WhiteElo "2586"]
[BlackElo "2286"]
[TimeControl "180+1"]
[EndTime "11:23:33 PDT"]
[Termination "Ind1anStar won on time"]

1. c4 e5 2. g3 Nf6 3. Bg2 Bc5 4. Nc3 c6 5. e3 d5 6. d4 exd4 7. exd4 Bb6 8. cxd5 Nxd5 9. Nge2 O-O 10. O-O Bg4 11.
Nxd5 cxd5 12. Be3 Nc6 13. f3 Bf5 14. Nc3 Re8 15. Bf2 Qd7 16. Qd2 Rad8 17. Rae1 h6 18. Qf4 Bd3 19. Rxe8+ Rxe8 20. Rd1 Bc2 21. Rc1 Bf5 22. Qd2 Qd6 23. a3 a6 24. b4 Rd8 25.
Re1 Qf6 26. Rd1 Ba7 27. f4 Qd6 28. Bf3 Be4 29. Bxe4 dxe4 30. Nxe4 Qd5 31. Nc5 Bxc5 32. bxc5 Qf3 33. Re1 Qd5 34. Qd3 Nxd4 35. Bxd4 Qxd4+ 36. Qxd4 Rxd4 37. Re7 Rc4 38. Rc7 Rc3 39. a4 Rc4 40. a5 Kf8 41. Kg2 g6 42. h4 h5 43. Kf3 Ke8 44. Ke3 Ra4 45. Rxb7 Rxa5 46. c6 Rc5 47. Rb6 Kd8 48. Kd4 Rc1 49. Rxa6 Kc7 50. Ra7+ Kxc6 51.
Rxf7 Rd1+ 52. Ke5 Re1+ 53. Kd4 Rd1+ 54. Ke3 Re1+ 55. Kf2 Re6 56. Kf3 Kd5 57. f5 gxf5 58. Rxf5+ Kd6 59. Rxh5 Rf6+ 60. Kg4 Rg6+ 61. Rg5 Re6 62.
h5 Re4+ 63. Kf5 Re5+ 64. Kg6 Re6+ 65. Kh7 Re7+ 66. Rg7 Re1 67. g4 Rh1 68. h6 Ke6 69. g5 Kf5 70. Kg8 Ra1 71. Rf7+ 1-0

[Event "*** Titled Tuesday Blitz"]
[Site "Chess.com"]
[Date "2020.04.21"]
[Round "7"]
[White "BlackWidow515"]
[Black "Anaj14"]
[Result "1-0"]
[WhiteElo "2111"]
[BlackElo "2220"]
[TimeControl "180+1"]
[EndTime "11:23:33 PDT"]
[Termination "BlackWidow515 won on time"]

1. d4 d5 2. Nf3 c6 3. g3 Bg4 4. Bg2 Nd7 5. O-O Ngf6 6. b3 e6 7. c4 h6 8. h3 Bh5 9. Nc3 Bd6 10.
Re1 Bg6 11. Bb2 Ne4 12. Nh4 Nxc3 13. Bxc3 Bh7 14. e4 dxe4 15. d5 cxd5 16. Bxg7 Rg8 17. Bxh6 Qb6 18. Be3 Bc5 19. cxd5 exd5 20. Qxd5 Bxe3 21.
Rxe3 O-O-O 22. Bxe4 Bxe4 23. Qxe4 Kb8 24. Nf5 Ka8 25.
Rd1 Nc5 26. Rxd8+ Rxd8 27. Qf3 Ne6 28. h4 a6 29. Rd3 Rc8 30. Qe3 Qa5 31. a4 Qxf5 32.
Rd7 Nc5 33. Re7 f6 34. a5 Qd5 35. b4 Nd7 36. Qe4 Qb5 37. Kh2 Ne5 38. h5 Rh8 39. g4 Ka7 40. Qd4+ Ka8 41. Kg3 Rg8 42. f3 Qc6 43. Qe4 Qxe4 44. fxe4 Nxg4 45. Kh3 Nf2+ 46.
Kh2 Nd3 47. Rf7 Rg5 48. Rxf6 Rxh5+ 49. Kg3 Nxb4 50. Rf8+ Ka7 51. Kf4 Rxa5 52. e5 Nc6 53. e6 Re5 54. Re8 Kb6 55. Kg4 a5 56. Kf4 a4 57. Ra8 Ra5 58. Rxa5 Kxa5 59. Ke4 1-0

[Event "*** Titled Tuesday Blitz"]
[Site "Chess.com"]
[Date "2020.04.21"]
[Round "7"]
[White "agrigo3"]
[Black "vaishali2001"]
[Result "1/2-1/2"]
[WhiteElo "2320"]
[BlackElo "2489"]
[TimeControl "180+1"]
[EndTime "11:23:36 PDT"]
[Termination "Game drawn by repetition"]

1. Nf3 Nf6 2. g3 g6 3. Bg2 Bg7 4. O-O O-O 5. d3 c5 6. Nbd2 d5 7. e4 dxe4 8. dxe4 Nc6 9. c3 e5 10. Qc2 Qe7 11. Nc4 Rd8 12. Bg5 h6 13. Bxf6 Qxf6 14.
Ne3 Be6 15. Rfd1 Ne7 16. c4 Nc6 17. Rxd8+ Rxd8 18. Nd5 Bxd5 19. cxd5 Nd4 20. Nxd4 cxd4 21.
Qc7 Qb6 22. Qxb6 axb6 23. Rc1 Bf8 24. Rc7 Bd6 25. Rc1 Kf8 26. Bf1 Ra8 27. a3 Ke7 28. Kg2 h5 29. h4 Ra5 30. Kf3 f5 31. Bd3 Kf6 32. Ke2 Ra8 33. f3 Rf8 34. Rg1 Rc8 35. Kd2 Bf8 36. Ke2 Rc7 37. g4 hxg4 38. fxg4 fxg4 39.
Rxg4 Rh7 40. Kf3 Be7 41. Kg3 Rh8 42. Kh3 Kg7 43. Kg3 Rc8 44. h5 g5 45. Kf3 Rc1 46.
Rg2 Kh6 47. Kg4 Rh1 48. Rf2 Rh4+ 49. Kg3 Kxh5 50. Rf7 Bc5 51. Rh7+ Kg6 52. Rxh4 gxh4+ 53. Kxh4 Kf6 54. Kg4 Bf8 55. Kh5 Ke7 56. b3 Kf6 57.
Kg4 Bxa3 58. Kh5 Ke7 59. Kg6 Kd6 60. Kf5 Bc1 61. Bc4 Bf4 62. Bd3 Bg3 63. Kf6 Bh4+ 64. Kf5 Bd8 65. Kg6 Ke7 66. Kf5 Kd6 67. Bc4 Bc7 68.
Bd3 Ke7 69. Bc4 Kd6 70. Bd3 Ke7 71. Bc4 Kd6 1/2-1/2